 Dungeon Crawl Stone Soup version 0.15-a0-33-ga435e27 (webtiles) character file.

236 Kae the Chopper (level 5, -2/45 HPs)
             Began as a Hill Orc Fighter on Apr 1, 2014.
             Killed by divine providence
             ... invoked by an orc priest
              (11 damage)
             ... on Level 3 of the Dungeon.
             The game lasted 00:01:34 (2096 turns).

Kae the Chopper (Hill Orc Fighter)                  Turns: 2096, Time: 00:01:34

HP  -2/45        AC  5     Str 20      XL: 5   Next: 44%
MP   5/5         EV  6     Int  8      God:
Gold 73          SH 18     Dex  8      Spells:  0 memorised,  4 levels left

rFire  . . .     SeeInvis .     a - +0 war axe
rCold  . . .     Clarity  .     b - +0 scale mail
rNeg   . . .     Conserve .     c - +0 shield
rPois  .         rCorr    .     (no helmet)
rElec  .         rRot     .     (no cloak)
SustAb . .       Spirit   .     (no gloves)
rMut   .         Warding  .     (no boots)
Saprov + . .     Stasis   .     (no amulet)
MR     .....                    (no ring)
                                (no ring)

@: not resistant to hostile enchantments, extremely unstealthy
A: slimy green scales 1, clumsy 1, deformed body, saprovore 1
a: Convert to Beogh


You were on level 3 of the Dungeon.
You were very hungry.

You visited 1 branch of the dungeon, and saw 3 of its levels.

You collected 73 gold pieces.

Inventory:

Hand weapons
 a - a +0,+0 war axe (weapon)
Armour
 b - a +0 scale mail (worn)
 c - a +0 shield (worn)
 y - a +1 cloak
Comestibles
 d - a meat ration
 p - 3 apples
 s - a choko
 x - a pear
Scrolls
 g - 3 scrolls of enchant weapon II {unknown}
 h - 2 scrolls of noise {unknown}
 i - 5 scrolls of identify {unknown}
 j - a scroll of blinking {unknown}
 m - a scroll of fog {unknown}
 n - 2 scrolls of magic mapping {unknown}
 o - a scroll of immolation {unknown}
 q - 6 scrolls of remove curse {unknown}
 t - 2 scrolls of random uselessness {unknown}
 u - a scroll of enchant weapon I {unknown}
 w - a scroll of teleportation {unknown}
Jewellery
 k - an uncursed amulet of faith {unknown}
 r - an uncursed amulet of faith {unknown}
Potions
 l - a potion of magic {unknown}
 v - a potion of agility {unknown}


   Skills:
 - Level 3.6 Fighting
 + Level 7.2 Axes
 - Level 3.2 Armour
 - Level 3.2 Shields


You had 4 spell levels left.
You didn't know any spells.

Dungeon Overview and Level Annotations

Branches:
Dungeon (3/15)

Altars:


Innate Abilities, Weirdness & Mutations

You can tolerate rotten meat.
You are partially covered in slimy green scales (AC +2).
You are clumsy. (Dex -2)
Armour fits poorly on your strangely shaped body.


Message History

You closely miss the orc priest.
The orc priest is moderately wounded.
The orc priest threatens, "By the altar or by the axe, you will meet Beogh!"
The orc priest hits you but does no damage.
You barely miss the orc priest.
The orc priest is moderately wounded.
The orc priest shouts, "Join the one true god or die!"
The orc priest hits you with a flail.
* * * LOW HITPOINT WARNING * * *
Your shield and scale mail prevent you from hitting the orc priest.
The orc priest is moderately wounded.
The orc priest completely misses you.
You barely miss the orc priest.
The orc priest is moderately wounded.
You block the orc priest's attack.
You hit the orc priest.
The orc priest is heavily wounded.
The orc priest calls down the wrath of Beogh upon you.
Something smites you!
You die...

#.# #. #..#...## #.#
#####..#.#.## #S#
...........# #o#
#........#.## #.# #.#
#........ #.####### #.#
##....... #..Soo..# #.#
#####.##
#########o###.########.#
........@)..........)..#
########################


You could see an orc priest.

Vanquished Creatures
  Sigmund (D:2)
  2 adders (D:3)
  A worm (D:2)
  4 giant geckos
  An ooze (D:2)
  4 orcs (D:3)
  A ball python (D:2)
  2 giant cockroaches (D:1)
  10 hobgoblins
  A quokka (D:3)
  5 bats
  6 giant newts
  6 goblins
  8 kobolds
  An orc skeleton (D:3)
  6 rats
59 creatures vanquished.

Notes
Turn   | Place    | Note
--------------------------------------------------------------
     0 | D:1      | Kae, the Hill Orc Fighter, began the quest for the Orb.
     0 | D:1      | Reached XP level 1. HP: 19/19 MP: 1/1
   102 | D:1      | Reached XP level 2. HP: 20/26 MP: 2/2
   286 | D:1      | Reached skill level 4 in Axes
   574 | D:1      | Reached XP level 3. HP: 31/31 MP: 3/3
   990 | D:2      | Noticed Sigmund
  1005 | D:2      | Killed Sigmund
  1005 | D:2      | Reached skill level 6 in Axes
  1005 | D:2      | Reached XP level 4. HP: 15/39 MP: 4/4
  1392 | D:2      | Reached XP level 5. HP: 43/45 MP: 5/5
  1846 | D:3      | Reached skill level 7 in Axes
  2085 | D:3      | Gained mutation: You are partially covered in slimy green scales (AC +2). [potion of mutation]
  2085 | D:3      | Gained mutation: You are clumsy. (Dex -2) [potion of mutation]
  2085 | D:3      | Gained mutation: Armour fits poorly on your strangely shaped body. [potion of mutation]
  2096 | D:3      | Killed from afar by an orc priest

Action                   |  1- 3 |  4- 6 || total
-------------------------+-------+-------++-------
Melee: War axe           |   103 |   113 ||   216
  Use: Potion            |     1 |     4 ||     5
